[Event "*** Titled Tuesday Blitz"]
[Site "Chess.com"]
[Date "2020.05.12"]
[Round "9"]
[White "chito89"]
[Black "joppie2"]
[Result "1-0"]
[WhiteElo "2765"]
[BlackElo "2868"]
[TimeControl "180+1"]
[EndTime "11:45:02 PDT"]
[Termination "chito89 won on time"]

1. e4 c5 2. Nc3 d6 3. f4 g6 4.
Nf3 Bg7 5. Bb5+ Bd7 6. Bxd7+ Nxd7 7. O-O Ngf6 8. Qe1 Rb8 9. e5 dxe5 10. fxe5 Nh5 11. e6 fxe6 12. Ng5 Nf8 13. d3 Qd7 14.
Nf7 Rg8 15. Kh1 e5 16. Nxe5 Qe6 17. Nc4 Qxe1 18. Rxe1 Bxc3 19. bxc3 Kd7 20. Rb1 b6 21. a4 Ne6 22. Ne5+ Kc7 23. Bh6 Nd8 24. Nc4 Kd7 25. Ne5+ Kc7 26. Re2 Re8 27. Rbe1 Rb7 28. g4 Nf6 29. c4 Nc6 30. Bf4 Nd4 31. Nf3+ Kd8 32.
Nxd4 cxd4 33. h3 Nd7 34. Be5 Nxe5 35. Rxe5 Rd7 36. a5 Kc7 37. Kg2 bxa5 38. Rxa5 Kb6 39.
Rea1 Ra8 40. Rb5+ Kc7 41. Ra6 Kd8 42. Kf3 Ke8 43. Ke4 Kf7 44. Rd5 Rb7 45. Rxd4 Rb2 46. Rd7 Rxc2 47. Raxa7 Re8 48. Kd4 Rh2 49. c5 Rxh3 50.
c6 Rh4 51. c7 Rxg4+ 52. Kd5 Rg1 53. Rd8 Rc1 54. Raa8 e6+ 55. Kd6 Re7 56. Rf8+ Kg7 57. Rg8+ Kf6 58. c8=N Rec7 59. Rf8+ Kg7 60. Ne7 R7c3 61.
Rg8+ Kh6 62. d4 Rd3 63. Ra4 Rcd1 64. Ke5 Re3+ 65. Kd6 Re4 66. Nc6 Kg5 67. Re8 Kh6 68. Rxe6 Rf4 69. Rb4 Kg5 70. d5 Rf2 71. Re5+ 1-0

[Event "*** Titled Tuesday Blitz"]
[Site "Chess.com"]
[Date "2020.05.12"]
[Round "9"]
[White "MFBerna"]
[Black "krstulov_alex"]
[Result "0-1"]
[WhiteElo "2385"]
[BlackElo "2540"]
[TimeControl "180+1"]
[EndTime "11:45:03 PDT"]
[Termination "krstulov_alex won on time"]

1. e4 c6 2. d4 d5 3. exd5 cxd5 4.
Bf4 Nc6 5. c3 Nf6 6. Bd3 g6 7. Nd2 Bg7 8. Ne2 Bf5 9. Nf3 Bxd3 10.
Qxd3 O-O 11. O-O Nh5 12. Bg5 Qd6 13. Rfe1 h6 14. Bd2 Rfe8 15. Ng3 Nf4 16. Qb5 Ne6 17. Re2 a6 18. Qd3 Nf4 19. Bxf4 Qxf4 20. Rae1 e6 21. Qd2 Qxd2 22. Nxd2 Rec8 23. Nb3 b6 24. Nf1 Bf8 25. Nc1 Rab8 26. Nd3 Na5 27. Nd2 Nc4 28. Nf3 Bd6 29. Nfe5 Kg7 30. f4 b5 31. Nd7 Ra8 32.
b3 Na5 33. N7c5 Ra7 34. g3 Nb7 35. b4 a5 36. a3 axb4 37. axb4 Nd8 38. Rc2 Rca8 39.
Ree2 Nc6 40. Nb3 Ra3 41. Ndc5 Bxc5 42. Nxc5 Ne7 43. Kg2 Nc8 44. Kf3 Nd6 45. Kg2 Nc4 46. h4 h5 47. Kf2 Kf8 48. Nd7+ Ke7 49. Nc5 Nd6 50. Re1 Ra2 51. Rxa2 Rxa2+ 52. Re2 Ra3 53. Rc2 Kf6 54. Ke2 Kf5 55. Kd3 Kg4 56. Rg2 Nc4 57.
Nd7 Ra1 58. Nf6+ Kf5 59. Nd7 Rf1 60. Ke2 Rc1 61. Ne5 Rxc3 62. Nxf7 Rc2+ 63. Kf3 Nd2+ 64.
Ke2 Nb3+ 65. Kf1 Rxg2 66. Kxg2 Nxd4 67. Nd6+ Kf6 68. Kf2 Ke7 69. Nc8+ Kd7 70. Na7 Kc7 71. Ke3 Kb6 72. Kxd4 Kxa7 73. Ke5 Kb6 74. g4 hxg4 75. f5 exf5 76. Kf4 d4 77. Kg3 d3 78. Kf2 d2 79. Ke2 g3 80. Kxd2 g2 0-1

[Event "*** Titled Tuesday Blitz"]
[Site "Chess.com"]
[Date "2020.05.12"]
[Round "9"]
[White "ASVZ"]
[Black "Moon_stone123"]
[Result "0-1"]
[WhiteElo "2358"]
[BlackElo "2500"]
[TimeControl "180+1"]
[EndTime "11:45:03 PDT"]
[Termination "Moon_stone123 won on time"]

1. e4 c6 2. d4 d5 3. e5 Bf5 4.
Nf3 e6 5. Be2 Bb4+ 6. Nbd2 Ba5 7.
O-O Bc7 8. a3 Nd7 9. b4 f6 10.
c4 fxe5 11. dxe5 Nxe5 12. Bb2 Nxf3+ 13. Nxf3 Nf6 14. Nd4 O-O 15. Nxf5 exf5 16. cxd5 Nxd5 17. Bc4 Kh8 18. Qh5 Qd6 19. Rad1 Rad8 20. Rd3 Nf4 21. Rxd6 Nxh5 22. Rxd8 Rxd8 23. g3 h6 24. Bf7 Nf6 25.
Bxf6 gxf6 26. Re1 Bd6 27. Re8+ Rxe8 28. Bxe8 a5 29. bxa5 Bxa3 30. a6 bxa6 31. Bxc6 Kg7 32. f4 Kf7 33. Kf2 Ke7 34. Ke3 Kd6 35. Ba4 Kc5 36. Bc2 Bc1+ 37. Ke2 a5 38. Bxf5 a4 39. Kf3 a3 40. Be6 Kd4 41. Kg4 Kc5 42. Kh5 Kd6 43.
Ba2 Be3 44. Kxh6 Bg1 45. h3 Bh2 46. g4 Bxf4+ 47. Kg6 Ke7 48. h4 f5 49. gxf5 Be5 50.
h5 Bb2 51. h6 Ba1 52. Kh7 Kf8 53. Kg6 Ke7 54. Bb3 Bb2 55. Bc4 Bc3 56. Ba2 Bd4 57. Kh7 Kf8 58. Bc4 Bc3 59. Kg6 Ke7 60. h7 Bh8 61.
Ba2 Bf6 62. Kh5 Bh8 63. Kh4 Bf6+ 64. Kg4 Kf8 65. Kf4 Kg7 66. Kg4 Kxh7 67. Kh5 Kg7 68.
Bb3 Bb2 69. Ba2 Kf6 70. Kg4 Bc3 71. Bb3 Bb2 72. Ba2 Bd4 73. Bb3 Bc5 74. Ba2 Bf8 75.
Bb3 Ke5 76. Ba2 Bg7 77. Bb3 Bf6 78. Ba2 Kd4 79. Bb3 Kc5 80. Ba2 Kb4 81. Bb3 Kxb3 0-1

[Event "*** Titled Tuesday Blitz"]
[Site "Chess.com"]
[Date "2020.05.12"]
[Round "9"]
[White "Al_Shima"]
[Black "Trankuilizer"]
[Result "1/2-1/2"]
[WhiteElo "2428"]
[BlackElo "2551"]
[TimeControl "180+1"]
[EndTime "11:45:04 PDT"]
[Termination "Game drawn by repetition"]

1. b3 Nf6 2. Bb2 g6 3. Bxf6 exf6 4. c4 Bg7 5. Nc3 f5 6. g3 O-O 7. Bg2 c5 8. e3 Nc6 9. Nge2 d6 10. O-O Re8 11.
d4 cxd4 12. Nxd4 Nxd4 13. exd4 f4 14. Nd5 fxg3 15. fxg3 Be6 16. Qd2 Rc8 17. Rae1 a6 18.
Kh1 b5 19. Rc1 bxc4 20. bxc4 Rb8 21. Qf2 f5 22. Nf4 Bf7 23. Rc2 Qf6 24. Rd1 Rbc8 25. c5 dxc5 26. dxc5 Red8 27. Nd5 Bxd5 28. Bxd5+ Kh8 29.
c6 Rc7 30. Qb6 Qe5 31. Qxa6 h5 32. Qc4 Kh7 33. Re2 Rxc6 34. Rxe5 Rxc4 35. Re2 Rc5 36. Bb3 Rxd1+ 37. Bxd1 Rc1 38. Rd2 Bc3 39. Rd7+ Kh6 40.
Kg2 h4 41. gxh4 Bf6 42. h5 gxh5 43. Bb3 h4 44. Rd3 Ra1 45. h3 Kg5 46. Rf3 Be5 47. Kf2 Bd4+ 48. Ke2 Kf6 49. Rf1 Rxf1 50. Kxf1 Ke5 51.
Ke2 Kf4 52. Bc2 Bc3 53. a4 Ba5 54. Bd3 Bb4 55. Kf2 Bd2 56. Kg2 Ba5 57. Bc2 Ke5 58. Bb1 Kf4 59. Bc2 Ke5 60. Kf3 Bb4 61. Bb1 Ba5 62. Ba2 Bb4 63. Bb3 Ba5 64. Bd1 Bb4 65.
Ke3 Ba5 66. Be2 Bb4 67. Bd3 Ba5 68. Be2 Bb4 69. Bf3 Ba5 70. Kd3 Kf4 71. Ke2 Kg3 72. Bd5 Kxh3 73. Kf3 Kh2 74. Be6 h3 75. Bxf5 Bb4 76.
Kf2 Ba5 77. Kf1 Bb6 78. Be6 Ba5 79. Bd7 Bb6 80. Bc8 Ba5 81. Bg4 Bb6 82. Be6 Ba5 83. Bd7 Bb6 84. Be6 1/2-1/2

[Event "*** Titled Tuesday Blitz"]
[Site "Chess.com"]
[Date "2020.05.12"]
[Round "9"]
[White "BlackWidow515"]
[Black "shnitez"]
[Result "1-0"]
[WhiteElo "2145"]
[BlackElo "2388"]
[TimeControl "180+1"]
[EndTime "11:45:05 PDT"]
[Termination "BlackWidow515 won on time"]

1. Nf3 c5 2. g3 g6 3. Bg2 Bg7 4. O-O Nc6 5. c3 e5 6. e4 Nge7 7. Re1 O-O 8. b3 h6 9. Bb2 d5 10. exd5 Nxd5 11. d4 exd4 12. cxd4 Bg4 13. Nbd2 Nxd4 14.
Bxd4 cxd4 15. h3 Be6 16. Ne4 Nc3 17. Nxc3 dxc3 18. Qe2 Rc8 19. Rac1 Qa5 20. Nh4 Bd5 21. b4 Qxa2 22. Qxa2 Bxa2 23. Bxb7 Rb8 24. Be4 Rxb4 25. Ra1 Rb2 26. Rec1 Bd4 27. Rc2 Bb3 28. Rxb2 cxb2 29. Ra3 Be6 30. Nf3 Bc5 31. Ra5 Rc8 32. Kg2 Be7 33. Rb5 Bf6 34. Nd2 Rc1 35. Kf3 Kg7 36. g4 Ra1 37. Kg3 a5 38. h4 a4 39. g5 hxg5 40.
hxg5 Bc3 41. Nb1 Bd4 42. Rb4 Be5+ 43. f4 Bd6 44. Rxb2 Ra3+ 45. Kg2 Rb3 46. Rxb3 Bxb3 47.
Nc3 a3 48. Bb1 Bb4 49. Na2 Ba5 50. Kg3 Kf8 51. Nc1 Ke7 52. Nxb3 Bc3 53. Ba2 Be1+ 54. Kg4 Kd6 55. Nc1 Ke7 56. Nd3 Bc3 57. Bb3 Kf8 58. Ba2 Ke7 59. Nf2 Bd2 60. Ne4 Bc1 61. Nf6 Bb2 62.
Nd5+ Kf8 63. Kf3 Kg7 64. Ke4 Bc1 65. Ne3 Bb2 66. Ng4 Bc1 67. Kd5 1-0

[Event "*** Titled Tuesday Blitz"]
[Site "Chess.com"]
[Date "2020.05.12"]
[Round "9"]
[White "Mr_Sinigami"]
[Black "Baronessa08"]
[Result "1-0"]
[WhiteElo "2612"]
[BlackElo "2470"]
[TimeControl "180+1"]
[EndTime "11:45:07 PDT"]
[Termination "Mr_Sinigami won on time"]

1. d4 d5 2. Nf3 Nf6 3. Bf4 e6 4.
e3 Bd6 5. Bg3 O-O 6. Nbd2 c5 7. c3 b6 8. Ne5 Qc7 9. Bd3 Ba6 10.
Bxa6 Nxa6 11. O-O Nb8 12. f4 Nbd7 13. Bh4 Ne4 14. Nxe4 dxe4 15. Nxd7 Qxd7 16. dxc5 bxc5 17. Rf2 Qc6 18. Rd2 Bc7 19. c4 f6 20. Qc2 Ba5 21. Rdd1 Rad8 22. h3 Rd3 23. Rxd3 exd3 24. Qxd3 Rd8 25.
Qb3 Rd2 26. Bf2 Qd6 27. Rf1 h5 28. Qb7 Bb6 29. Qf3 g6 30. Qe4 Kh7 31. Rb1 f5 32. Qb7+ Kg8 33. Qc8+ Kh7 34. Qb7+ Kg8 35. Bh4 Qd7 36.
Qxd7 Rxd7 37. Be1 Kf7 38. Kf1 e5 39. fxe5 Ke6 40. Bc3 Bc7 41. Ke2 Bxe5 42. Bxe5 Kxe5 43. Rd1 Rb7 44. b3 Rc7 45. Rd5+ Ke6 46. Kf3 g5 47. h4 gxh4 48. e4 fxe4+ 49. Kxe4 Rg7 50. Kf3 Rg3+ 51. Kf2 Rc3 52. Rxh5 Rc2+ 53. Kf3 Rxa2 54. Rxc5 Rb2 55. Rb5 a6 56. Rb6+ Ke5 57. c5 Kd5 58. c6 Kd6 59.
b4 Kc7 60. Rxa6 Rxb4 61. Kf2 Rc4 62. Kg1 Rd4 63. Kh2 Rd3 64. Ra4 Kxc6 65. Rxh4 Kd6 66.
Rf4 Ke7 67. g3 Rc3 68. Kh3 1-0

[Event "*** Titled Tuesday Blitz"]
[Site "Chess.com"]
[Date "2020.05.12"]
[Round "9"]
[White "aNaartjieZA"]
[Black "realmadridtv"]
[Result "0-1"]
[WhiteElo "2581"]
[BlackElo "2476"]
[TimeControl "180+1"]
[EndTime "11:45:14 PDT"]
[Termination "realmadridtv won by resignation"]

1. e4 e5 2. Nf3 Nc6 3. Bc4 Bc5 4. O-O Nf6 5. d3 d6 6. c3 a6 7. Bb3 Ba7 8. Nbd2 h6 9. Re1 g5 10. Nf1 g4 11. N3d2 h5 12. Nc4 g3 13. hxg3 Bg4 14. Qc2 h4 15. Be3 h3 16. Bxa7 hxg2 17. Kxg2 Rxa7 18. Nfe3 Bh3+ 19. Kg1 Nh5 20. Qe2 Qg5 21. Qf3 Nf4 22. Nd5 Bg2 23. Qxg2 Nxg2 24. Kxg2 Kd7 25. Nce3 Raa8 26. Rh1 Rxh1 27. Rxh1 Rg8 28.
Kf1 Nd8 29. Ke2 c6 30. Nb4 Ne6 31. Nbc2 b5 32. Ne1 Qf6 33. Rh5 Ng7 34. Rh7 Qg6 35.
Rh1 a5 36. a3 a4 37. Ba2 Ne6 38. Nf3 Qf6 39. Rh5 Ng7 40. Rh2 Qg6 41. Nh4 Qg5 42. Nf3 Qe7 43. Rh7 Kc7 44. Nh4 Kb6 45. Nhf5 Nxf5 46. Nxf5 Qg5 47. Ne3 Rg7 48. Rh8 f6 49. Rb8+ Rb7 50. Rh8 Rd7 51. Rb8+ Kc7 52. Rh8 Qg7 53. Rh5 d5 54. exd5 Qg6 55. Rh1 cxd5 56.
Bxd5 f5 57. Rh4 f4 58. gxf4 Qf6 59. Rg4 exf4 60. Be4 fxe3 61. Kxe3 Rf7 62. f4 Qb6+ 63. d4 Qd6 64. f5 Qf6 65. Rg6 Qh4 66. Rc6+ Kd7 67.
d5 Qg3+ 68. Kd4 Qf2+ 69. Ke5 Qg3+ 70. Kd4 Re7 71. Re6 Rxe6 72. dxe6+ Kd6 73. Bd5 Qe5+ 74. Kd3 Qxd5+ 0-1

[Event "*** Titled Tuesday Blitz"]
[Site "Chess.com"]
[Date "2020.05.12"]
[Round "9"]
[White "BAS8892"]
[Black "EddieMarsalla"]
[Result "1-0"]
[WhiteElo "2718"]
[BlackElo "2545"]
[TimeControl "180+1"]
[EndTime "11:45:16 PDT"]
[Termination "BAS8892 won by resignation"]

1. d4 d5 2. Bf4 Bf5 3. c4 e6 4. Nc3 c6 5. e3 Bd6 6. Bxd6 Qxd6 7. c5 Qc7 8. f4 Nd7 9. Bd3 Bxd3 10. Qxd3 f5 11. Nf3 Ngf6 12. O-O O-O 13. Ne5 Ne4 14. b4 a6 15. a4 g5 16. Nxe4 fxe4 17. Qe2 gxf4 18.
exf4 Nxe5 19. fxe5 Qg7 20. Ra3 Rxf1+ 21. Qxf1 Rf8 22.
Qe2 Kh8 23. Rg3 Qh6 24. Re3 Qf4 25. h3 Rf5 26. Rc3 Rf7 27. b5 axb5 28. axb5 cxb5 29. Rb3 Qc1+ 30. Kh2 Rf1 31. Rxb5 Rh1+ 32. Kg3 Qg5+ 33.
Qg4 Qe3+ 34. Kh4 Rf1 35. Rxb7 Qh6+ 36. Kg3 Qe3+ 37. Kh4 Qh6+ 38. Qh5 Qxh5+ 39. Kxh5 e3 40. Rb2 Rf2 41. Rb1 Rd2 42. Re1 Rxd4 43. Rxe3 Rc4 44. Rf3 Rxc5 45. Kg5 Kg7 46. Ra3 Rc7 47. Ra6 Kf7 48. Rd6 Ke7 49. Kh6 Rd7 50. Rb6 d4 51. Rb2 d3 52. Rd2 Kd8 53. Kg5 Kc7 54. Kf4 Rd5 55.
Ke4 Ra5 56. Rxd3 Ra4+ 57. Rd4 Ra2 58. g4 Rh2 59. Rd3 Kc6 60. Kf4 Kc5 61. Kg5 Kc4 62.
Rf3 Kd5 63. Kf6 Rd2 64. g5 Re2 65. Kg7 Rxe5 66. Rg3 Ke4 67. Kxh7 Kf4 68. Rg4+ Kf5 69. g6 Re3 70. Rh4 Rg3 71. Rh5+ Kf6 72. Rh6 e5 73. h4 e4 74. h5 e3 75. g7+ Kf7 76. Rg6 1-0

[Event "*** Titled Tuesday Blitz"]
[Site "Chess.com"]
[Date "2020.05.12"]
[Round "9"]
[White "Borsuk_Konstantin"]
[Black "Durarbayli"]
[Result "0-1"]
[WhiteElo "2645"]
[BlackElo "2795"]
[TimeControl "180+1"]
[EndTime "11:45:18 PDT"]
[Termination "Durarbayli won by resignation"]

1. d4 Nf6 2. c4 e6 3. Nc3 Bb4 4. Qc2 d5 5. cxd5 exd5 6. Bg5 c5 7. a3 Bxc3+ 8. Qxc3 c4 9. Nf3 Be6 10. Ne5 Nc6 11.
f3 h6 12. Bh4 Qb6 13. Nxc6 bxc6 14. Bg3 O-O 15. e3 c5 16. Be2 cxd4 17. Qxd4 Qxd4 18. exd4 a5 19. Kd2 Ra6 20. Kc3 Rb6 21. Bd1 Rc8 22.
h4 Ne8 23. Ba4 Nc7 24. Bxc7 Rxc7 25. Rae1 Kf8 26. g4 Bd7 27. Bd1 Rcb7 28. Rh2 Rb3+ 29. Bxb3 Rxb3+ 30. Kc2 Rxf3 31. g5 Bf5+ 32. Kc1 Rf4 33.
gxh6 gxh6 34. Re5 Be6 35. Rd2 Rxh4 36. Kc2 h5 37. b3 cxb3+ 38. Kxb3 Rh3+ 39. Ka4 h4 40.
Rf2 Ke7 41. Rh5 Bd7+ 42. Kxa5 Rxa3+ 43. Kb6 h3 44. Kc5 Be6 45. Rh4 Rc3+ 46. Kb6 Rd3 47.
Rff4 Kd6 48. Kb5 Rb3+ 49. Ka4 Rb1 50. Rf3 Rd1 51. Kb3 Rc1 52. Kb2 Rc4 53. Rff4 Kc6 54.
Rf3 Kb5 55. Rb3+ Kc6 56. Rf3 Kd7 57. Rb3 Ke7 58. Rf3 Kf8 59. Rff4 Kg7 60. Rf3 Kg6 61. Rg3+ Kf6 62. Rf4+ Ke7 63. Rh4 Rc8 64. Re3 Rg8 65. Rhxh3 Rg2+ 66. Kc3 Kd6 67. Rhf3 Ra2 68. Rf1 Ra4 69. Kd2 Rxd4+ 70. Ke2 Rc4 71. Rd1 Bg4+ 72. Kd2 Bxd1 73. Kxd1 Rd4+ 74. Ke2 Re4 0-1

[Event "*** Titled Tuesday Blitz"]
[Site "Chess.com"]
[Date "2020.05.12"]
[Round "9"]
[White "BogdanBelyakov89"]
[Black "S2PAc"]
[Result "1/2-1/2"]
[WhiteElo "2590"]
[BlackElo "2770"]
[TimeControl "180+1"]
[EndTime "11:45:19 PDT"]
[Termination "Game drawn by repetition"]

1. e4 e6 2. d4 d5 3. Nc3 Nc6 4. Nf3 Nf6 5. e5 Ne4 6. Ne2 f6 7. Ng3 fxe5 8. Nxe5 Nxe5 9. dxe5 Nc5 10. h4 Bd7 11.
Bg5 Be7 12. Qh5+ g6 13. Qg4 Bc6 14. Be3 Qd7 15. h5 g5 16. h6 O-O-O 17. O-O-O Rhg8 18. Nh5 Rdf8 19. Nf6 Bxf6 20. exf6 Ne4 21. Bd3 Nxf6 22.
Qg3 Qd6 23. Bd4 Qxg3 24. fxg3 Ne4 25. Bxe4 dxe4 26. Rdf1 Rf5 27. g4 Rf4 28. g3 Rf3 29.
Rfg1 e5 30. Bxe5 e3 31. Rh2 Re8 32. Bc3 e2 33. Re1 Bb5 34. Bd2 Rf1 35. b3 Rd8 36. c4 Rxe1+ 37. Bxe1 Rd1+ 38. Kc2 Bxc4 39. bxc4 Rxe1 40.
Kd3 Kd7 41. Rf2 Ke6 42. Ke3 Rc1 43. Rxe2 Ra1 44. Kd4+ Kd6 45. Rf2 Ke6 46. Rf5 Rxa2 47. Rxg5 Rh2 48. Rg7 Rxh6 49. Rxc7 b6 50. Rxa7 Kd6 51.
Rg7 Kc6 52. g5 Rh3 53. g6 hxg6 54. Rxg6+ Kc7 55. Kd5 Rh5+ 56. Kd4 Rh1 57. g4 Rd1+ 58. Ke5 Re1+ 59. Kd5 Rd1+ 60. Ke4 Re1+ 61. Kd3 Rd1+ 62. Kc2 Rg1 63. g5 Rg3 64. Rg8 Kb7 65. g6 Ka7 66. g7 Kb7 67. Kd2 Ka7 68. Ke2 Kb7 69. Kf2 Rg6 70. Kf3 Ka7 71. Kf4 Rg1 72. Kf5 Rf1+ 73. Ke6 Re1+ 74. Kd6 Rg1 75. Kc7 Rg2 76. Kc6 Rg6+ 77.
Kb5 Rg5+ 78. Kb4 Kb7 79. Kb3 Rg3+ 80. Kb4 Rg4 81. Kb5 Rg5+ 82. Kb4 Rg4 83. Kb5 Ka7 84. Kb4 Kb7 1/2-1/2

[Event "*** Titled Tuesday Blitz"]
[Site "Chess.com"]
[Date "2020.05.12"]
[Round "9"]
[White "chessablanca"]
[Black "Vusatiuk_Vladimir"]
[Result "1-0"]
[WhiteElo "2462"]
[BlackElo "2324"]
[TimeControl "180+1"]
[EndTime "11:45:21 PDT"]
[Termination "chessablanca won on time"]

1. g3 Nf6 2. Bg2 g6 3. b3 Bg7 4. Bb2 O-O 5. c4 d6 6. d4 c5 7. d5 a6 8. Nd2 b5 9. e4 Nbd7 10.
Ngf3 Ng4 11. Bxg7 Kxg7 12. O-O Nde5 13. h3 Nxf3+ 14. Nxf3 Ne5 15. Nxe5 dxe5 16. cxb5 axb5 17. Qc2 Qd6 18. Rfc1 Bd7 19. Qxc5 Rfc8 20. Qxd6 Rxc1+ 21. Rxc1 exd6 22. Rc7 Be8 23. Rc2 b4 24. f4 exf4 25.
gxf4 Kf6 26. Kf2 Bb5 27. Ke3 h6 28. Kd4 Re8 29. Rc7 g5 30. Rb7 Be2 31. e5+ dxe5+ 32. fxe5+ Rxe5 33. Be4 Re8 34. Rxb4 h5 35. Rb6+ Kg7 36.
d6 g4 37. hxg4 hxg4 38. d7 Rd8 39. Rb7 g3 40. Ke3 Bf1 41. Kf3 Bh3 42. Bc6 g2 43. Kf2 Kf6 44. Bxg2 Bxd7 45. Ke3 Bf5 46. Rb6+ Kg5 47. a4 Rd3+ 48. Ke2 Rg3 49. Bf3 Rg1 50. b4 Ra1 51. a5 Be6 52. Kd3 Ra3+ 53. Ke2 Bc4+ 54. Kf2 f5 55. Bc6 Kf4 56. Bb5 Ra2+ 57.
Ke1 Ke3 58. Kd1 Be2+ 59. Bxe2 Ra1+ 60. Kc2 Kxe2 61. Rf6 Ra4 62. Kb3 Ra1 63. Rxf5 Kd3 64.
Rc5 Kd4 65. Rc8 Kd5 66. Rh8 Kc6 67. Rh5 Rb1+ 68. Kc4 Rc1+ 69. Kd3 Rd1+ 70. Kc3 Rc1+ 71. Kb2 Rc4 72. Kb3 Rc1 73. b5+ Kb7 74. Rh4 Rb1+ 75. Kc4 Rc1+ 76. Kb4 Rb1+ 77. Kc5 Rc1+ 78. Rc4 Rh1 79.
a6+ Ka7 80. Kb4 Rh5 81. Rc7+ Ka8 82. Rc5 Rh6 83. Ka5 Rh1 84. Kb6 Rh8 85. Rc7 Rg8 86.
Ka5 Rf8 87. Rc5 1-0

[Event "*** Titled Tuesday Blitz"]
[Site "Chess.com"]
[Date "2020.05.12"]
[Round "9"]
[White "DishonorOnYourCow"]
[Black "Shivagami"]
[Result "1/2-1/2"]
[WhiteElo "2334"]
[BlackElo "2213"]
[TimeControl "180+1"]
[EndTime "11:45:49 PDT"]
[Termination "Game drawn by agreement"]

1. d4 Nf6 2. c4 c5 3. d5 e6 4.
Nc3 exd5 5. cxd5 d6 6. Nf3 g6 7. Nd2 a6 8. a4 Bg7 9. e4 O-O 10. Be2 Nbd7 11. O-O Re8 12. Qc2 Rb8 13. h3 Qa5 14.
Nc4 Qc7 15. Bf4 Ne5 16. Nxe5 dxe5 17. Be3 Bd7 18. a5 Rec8 19. Na4 Bxa4 20. Rxa4 Ne8 21. Rc1 b5 22. axb6 Qxb6 23. Bxa6 Rc7 24. Bxc5 Qxb2 25. Qxb2 Rxb2 26. Raa1 Bf8 27. Be3 Rbc2 28. Rxc2 Rxc2 29.
Bb5 Nd6 30. Bd3 Rc3 31. Rd1 Be7 32. g4 Kg7 33. Kf1 f6 34. Ke2 Bd8 35. Rc1 Rxc1 36. Bxc1 Bb6 37. Ba3 Bc7 38. Kd2 Kf7 39. Kc3 Ke7 40.
f3 Kd7 41. Bc5 Ba5+ 42. Kb3 Be1 43. Ka4 Bd2 44. Ba6 Be1 45. Bb5+ Kc7 46. Bc6 Bd2 47. Bb4 Be3 48. Ba5+ Kb8 49. Kb4 Bd2+ 50. Ka4 Bxa5 51.
Kxa5 Kc7 52. Kb4 Nc8 53. Kc5 Nd6 54. Ba4 Nb7+ 55. Kb5 Kd6 56. Kb6 Nc5 57. Be8 Nd3 58. Bf7 Ne1 59. Bg8 h6 60. Bf7 g5 61. Be6 Nxf3 62. Kb7 Ng1 63. Kc8 Nxh3 64. Kd8 Nf2 65.
Bf5 Nd3 66. Ke8 Nf4 67. Kf7 h5 68. gxh5 Nxh5 69. Kg6 Ng3 70. Kxf6 Ne2 71. Kxg5 Nc3 72. Kf6 Ne2 73. Bg6 Nc3 74. Bf5 Nb5 75. Kf7 Nd4 76.
Kg6 Nf3 77. Kf6 Nh4 78. Bh7 Ng2 79. Kg5 Ne3 80. Kf6 Nc4 81. Bf5 Ne3 82. Kf7 Nc4 83.
Kg6 Ne3 84. Kg5 Nc4 85. Bg6 Ne3 86. Kf6 Nc4 87. Kf7 Ne3 88. Kf6 Nc4 1/2-1/2

[Event "*** Titled Tuesday Blitz"]
[Site "Chess.com"]
[Date "2020.05.12"]
[Round "9"]
[White "gvanna"]
[Black "kai_nov"]
[Result "1-0"]
[WhiteElo "2457"]
[BlackElo "2250"]
[TimeControl "180+1"]
[EndTime "11:46:03 PDT"]
[Termination "gvanna won on time"]

1. e4 c5 2. Nf3 Nc6 3. Nc3 e5 4. Bb5 d6 5. Bxc6+ bxc6 6. O-O Be7 7. d3 Nf6 8. h3 O-O 9. b3 Ne8 10. Nh2 Bg5 11. a3 f5 12. b4 Bxc1 13. Rxc1 cxb4 14. axb4 a5 15. Ra1 Be6 16. exf5 Bxf5 17. bxa5 Rxa5 18. Qe2 Nf6 19. Nf3 Nd5 20. Nxd5 cxd5 21. Nd2 Rc5 22.
Ra2 Qc7 23. Nb3 Rc3 24. Rfa1 Bxd3 25. cxd3 Rxb3 26. Qg4 Qf7 27. Qe2 d4 28. Ra6 Qg6 29. R6a3 Rxa3 30. Rxa3 h6 31. Ra6 Kh7 32. Rb6 Rf6 33.
f3 Qf5 34. Rb8 d5 35. Rd8 Qe6 36. Qa2 e4 37. dxe4 dxe4 38. Qxe6 Rxe6 39. Rxd4 exf3 40.
gxf3 Re2 41. Kf1 Rh2 42. h4 Kg6 43. Kg1 Rc2 44. Rg4+ Kf6 45. Kf1 g6 46. Rf4+ Ke5 47. Rg4 Kf5 48. Kg1 Re2 49. Kf1 Rh2 50. Kg1 Rb2 51.
Kf1 Ra2 52. Kg1 h5 53. Rb4 Re2 54. Kf1 Rd2 55. Kg1 Rc2 56. Kf1 Ra2 57. Kg1 Re2 58.
Kf1 Re5 59. Kf2 Rd5 60. Kg3 Rc5 61. Rf4+ Ke5 62. Rf8 Rb5 63. Rf7 Ke6 64. Rg7 Kf6 65.
Rg8 Rc5 66. Rf8+ Ke6 67. Rf4 Rf5 68. Ra4 Re5 69. Ra6+ Kf5 70. Ra8 Rd5 71. Rf8+ Ke5 72. Rf7 Ke6 73. Rg7 Kf6 74. Rb7 Re5 75. Kf4 Rf5+ 76.
Ke4 Re5+ 77. Kf4 Rf5+ 78. Kg3 Re5 79. Rb6+ Kf5 80. Rb8 Rd5 81. Rb6 Re5 82. Ra6 Rd5 83. Ra4 Rc5 84. Rf4+ Ke5 85. Rf8 Ke6 86. Kf4 Rc4+ 87.
Kg5 Ke7 88. Ra8 Rc3 89. Ra7+ Ke6 90. Ra6+ Ke5 91. f4+ Ke4 92. Re6+ Kd5 93. Rxg6 Rg3+ 94. Kxh5 Rf3 95. Rf6 Ke4 96. Kg6 Rg3+ 97. Kh6 Rg4 98.
h5 1-0

[Event "*** Titled Tuesday Blitz"]
[Site "Chess.com"]
[Date "2020.05.12"]
[Round "9"]
[White "hongnhung1234"]
[Black "Generalas"]
[Result "0-1"]
[WhiteElo "2256"]
[BlackElo "2385"]
[TimeControl "180+1"]
[EndTime "11:46:09 PDT"]
[Termination "Generalas won by checkmate"]

1. e4 e5 2. Nf3 Nc6 3. d4 exd4 4. Nxd4 Qf6 5. Be3 Bc5 6. c3 Nge7 7. Bc4 O-O 8. O-O Ne5 9. Bb3 d5 10. exd5 Ng4 11.
Nd2 Nxe3 12. fxe3 Qg5 13. Qf3 Qg6 14. e4 Bg4 15. Qf4 c6 16. d6 Bxd6 17. Qf2 Bc5 18.
Kh1 Rad8 19. Bc2 Qh5 20. N2b3 Bb6 21. Qf4 Ng6 22. Qg3 Ne5 23. Rae1 Rfe8 24. Nf5 g6 25. Ne3 Be6 26. Bd1 Ng4 27. Nxg4 Bxg4 28. Bxg4 Qg5 29.
Qf3 Re7 30. Nd4 Bxd4 31. cxd4 Rxd4 32. Bh3 Kg7 33. Qc3 c5 34. Rd1 Qe5 35. Rxd4 cxd4 36. Qd3 Qxe4 37. Qxe4 Rxe4 38. Rd1 f5 39. Kg1 Kf6 40.
g3 Ke5 41. Bf1 Re3 42. Kf2 g5 43. Rc1 h5 44. Rc5+ Ke6 45. Be2 g4 46. Rc7 h4 47.
gxh4 Rh3 48. Kg2 d3 49. Bd1 Ke5 50. Rxb7 Rxh4 51. Rd7 Ke4 52. Re7+ Kf4 53. Rd7 Ke3 54. Ba4 f4 55. Bb5 f3+ 56. Kg3 Rh3+ 57. Kxg4 Rxh2 58. Rxd3+ Ke4 59. Rxf3 Rxb2 60. Bc6+ Kd4 61. Rf4+ Kc5 62.
Rf6 Rxa2 63. Be4 Ra4 64. Kf4 Rd4 65. Rf5+ Kb4 66. Ke3 Rd1 67. Rf7 a5 68. Rb7+ Kc3 69. Ke2 Rg1 70. Ra7 Kb4 71. Kd3 Rg3+ 72. Kd4 Rg4 73.
Rb7+ Ka3 74. Kd3 a4 75. Kc3 Rxe4 76. Rb8 Re3+ 77. Kc2 Rb3 78. Ra8 Rb4 79. Kc3 Rb1 80.
Kc2 Rb7 81. Kc3 Rc7+ 82. Kd2 Kb3 83. Rb8+ Ka2 84. Ra8 a3 85. Rb8 Rc6 86. Rb7 Ka1 87. Rb8 Ra6 88. Kc2 Rc6+ 89. Kb3 a2 90. Ka3 Ra6+ 91. Kb3 Kb1 92. Kc3+ Kc1 93. Rg8 a1=Q+ 94. Kd3 Qb1+ 95. Kd4 Qb2+ 96. Kc5 Qc3+ 97. Kd5 Qb3+ 98. Kc5 Qxg8 99. Kb4 Qb8+ 100. Kc3 Qc7+ 101. Kd4 Ra4+ 102. Ke3 Qe5+ 103. Kd3 Ra3+ 104. Kc4 Rc3+ 105. Kb4 Qc5+ 106. Ka4 Ra3# 0-1

[Event "*** Titled Tuesday Blitz"]
[Site "Chess.com"]
[Date "2020.05.12"]
[Round "9"]
[White "Radzio1987"]
[Black "1stSecond"]
[Result "1-0"]
[WhiteElo "2893"]
[BlackElo "2717"]
[TimeControl "180+1"]
[EndTime "11:46:12 PDT"]
[Termination "Radzio1987 won by resignation"]

1. c4 e6 2. Nc3 d5 3. d4 Nf6 4. cxd5 exd5 5. Bg5 c6 6. e3 Be7 7. Bd3 Nbd7 8. Qc2 Nh5 9. Bxe7 Qxe7 10. O-O-O Nb6 11.
Kb1 Be6 12. Rc1 g6 13. Nf3 Ng7 14. Rhe1 O-O 15. h4 Bg4 16. Ne5 Bf5 17. Bxf5 Nxf5 18.
h5 Nd7 19. Nxd7 Qxd7 20. Rh1 Nd6 21. Rh3 Qf5 22. Qxf5 Nxf5 23. Rch1 g5 24. Rf3 Nd6 25.
Rf6 Ne8 26. Rf5 h6 27. Kc2 f6 28. Kd3 Nd6 29. Rf3 Rae8 30. Rfh3 f5 31. b3 Ne4 32. Nxe4 Rxe4 33. g3 Kg7 34. R3h2 Kf6 35. Rg2 g4 36. Rc1 Kg5 37. Rh2 Re7 38. Rhh1 Rc8 39.
Rc2 Rec7 40. b4 b6 41. a3 c5 42. bxc5 bxc5 43. dxc5 Rxc5 44. Rhc1 Rxc2 45. Rxc2 Rb8 46.
Kd4 Rb3 47. Ra2 Rb5 48. a4 Ra5 49. Kc3 Rc5+ 50. Kd4 Ra5 51. Kc3 Rc5+ 52. Kb4 Rc4+ 53. Kb5 Kxh5 54. Rd2 Rc7 55. Rxd5 Kg5 56. Rd2 Rb7+ 57.
Ka6 Rf7 58. a5 h5 59. Rb2 h4 60. gxh4+ Kxh4 61. Rb7 Rf6+ 62. Kxa7 f4 63. exf4 Rxf4 64.
Rb2 Kh3 65. a6 Kg2 66. Kb8 Rf8+ 67. Kc7 Rf7+ 68. Kb6 Rf6+ 69. Ka5 Rf5+ 70. Ka4 Rf4+ 71. Kb5 Rf5+ 72. Kc6 Rf6+ 73. Kb7 Rf7+ 74. Kc8 Rf8+ 75.
Kd7 Rf7+ 76. Ke6 Ra7 77. Ra2 Ra8 78. Kf5 Kf3 79. Ra3+ Kxf2 80. Kxg4 Ke2 81. Kf5 Kd2 82. Ke6 Kc2 83. Kd7 Kb2 84. Ra5 Kb3 85. Kc7 Kb4 86. Ra1 Kb5 87. Kb7 Rh8 88. Rb1+ Ka5 89. a7 Rh7+ 90. Kb8 Rh8+ 91. Kc7 Rh7+ 92. Kb8 Rh8+ 93. Kb7 Rh7+ 94. Kc6 Rh6+ 95. Kc5 Rh5+ 96. Kd4 Rh4+ 97. Ke3 Rh3+ 98. Kf2 Rh8 99. Rb8 1-0

[Event "*** Titled Tuesday Blitz"]
[Site "Chess.com"]
[Date "2020.05.12"]
[Round "10"]
[White "AminMolaei"]
[Black "SpasKozhuharov"]
[Result "1-0"]
[WhiteElo "2564"]
[BlackElo "2668"]
[TimeControl "180+1"]
[EndTime "11:48:00 PDT"]
[Termination "AminMolaei won by resignation"]

1. d4 d5 2. c4 dxc4 3. Nf3 Nf6 4. e3 e6 5. Bxc4 c5 6. O-O Nc6 7. dxc5 Bxc5 8. b3 Qxd1 9. Rxd1 Ke7 10. Bb2 a6 11. Be2 Bd7 12. Nc3 Rhd8 13. Rac1 Ba7 14.
Na4 Be8 15. Ba3+ 1-0